 Dungeon Crawl Stone Soup version 0.32-a0-42-ga30500b4d3 (webtiles) character file.

Game seed: 14155706199045604187

23 Newt the Trooper (level 3, 0/24 HPs)
             Began as a Gargoyle Fighter on Jan 31, 2024.
             Frozen to death by an endoplasm (3 damage)
             ... on level 2 of the Dungeon.
             The game lasted 00:00:48 (708 turns).

Newt the Trooper (Gargoyle Fighter)                  Turns: 708, Time: 00:00:48

Health: 0/24       AC: 10    Str: 21    XL:     3   Next: 0%
Magic:  3/3        EV:  9    Int:  8    God:
Gold:   32         SH:  4    Dex:  9    Spells: 2/2 levels left

rFire   . . .        a - +0 flail
rCold   . . .        c - +0 buckler
rNeg    + . .        b - +0 scale mail
rPois   ∞            (no helmet)
rElec   +            (no cloak)
rCorr   .            (no gloves)
SInv    .            (no boots)
Will    .....        (no amulet) Stlth
                     (no ring)
HPRegen 0.24/turn    (no ring)
MPRegen 0.08/turn

%: no passive effects
@: mighty
A: sickness immunity, AC +3, negative energy resistance 1, electricity
resistance, torment resistance 1, petrification resistance
a: no special abilities


You were on level 2 of the Dungeon.
You visited 1 branch of the dungeon, and saw 2 of its levels.

You collected 32 gold pieces.

Inventory:

Hand Weapons
 a - a +0 flail (weapon)
Missiles
 g - 5 boomerangs (quivered)
Armour
 b - a +0 scale mail (worn)
 c - a +0 buckler (worn)
Jewellery
 j - an amulet of regeneration
Scrolls
 e - a scroll of teleportation
 f - a scroll of immolation {unknown}
 i - a scroll of vulnerability


   Skills:
 + Level 3.7 Fighting
 * Level 3.0 Maces & Flails
 - Level 3.2 Armour
 - Level 3.2 Shields


You had 2 spell levels left.
You didn't know any spells.
Your spell library contained the following spells:

 Spells                   Type           Power      Damage    Failure   Level
 Petrify                  Alch/Erth      0%         N/A       100%        4
 Irradiate                Conj/Alch      0%         3d11      100%        5
 Sublimation of Blood     Necr           Unusable   N/A       N/A         2

Dungeon Overview and Level Annotations

Branches:
Dungeon (2/15)

Altars:

Annotations:
D:2 Sigmund


Innate Abilities, Weirdness & Mutations

You are immune to sickness and miasma.
Your stone body is resilient. (AC +3)
You are immune to poison.
You resist negative energy. (rN+)
You are resistant to electric shocks. (rElec)
You are resistant to unholy torment.
You are immune to petrification.


Message History

The endoplasm freezes you.
You are frozen.
You barely miss Sigmund.
Sigmund is heavily wounded.
You block the endoplasm's attack.
A kobold comes into view. It is wielding a +0 short sword.
Sigmund hits you but does no damage.
The endoplasm hits you but does no damage.
The rat completely misses you.
The kobold moves out of view.
You closely miss Sigmund.
Sigmund is heavily wounded.
The endoplasm jiggles.
The endoplasm hits you but does no damage.
Sigmund hits you but does no damage. The rat barely misses you.
Unknown command.
You thump Sigmund!
Sigmund is severely wounded.
The rat bites you but does no damage.
The endoplasm hits you but does no damage.
Unknown command.
You hit Sigmund.
Sigmund is severely wounded.
Sigmund zaps a wand.
You block the puff of flame. You block the rat's attack.
The endoplasm completely misses you. Sigmund hits you with a +0 scythe.
Unknown command.
You closely miss Sigmund.
Sigmund is severely wounded.
The rat bites you but does no damage.
The endoplasm hits you but does no damage.
Sigmund zaps a wand.
The puff of flame hits you.
* * * LOW HITPOINT WARNING * * *
The endoplasm freezes you.
You are frozen.
* * * LOW HITPOINT WARNING * * *
The rat completely misses you.
You closely miss Sigmund.
Sigmund is severely wounded.
The endoplasm freezes you.
You are frozen.
You die...

### #......# #<#
. #......# #.#
#. #......# #.#
#.# #......# #.#
#..# #......#..
#.#
#..##...........
...
#...####..#####
### ###..# ...#
##@# .#.#
......@rJ....#
#######....###
....... ...>####
...### ...#
...##


You could see Sigmund, an endoplasm and a rat.

Vanquished Creatures
  3 endoplasms (D:1)
  3 giant cockroaches (D:1)
  4 goblins (D:1)
  4 kobolds (D:1)
  2 quokkas (D:1)
  2 ball pythons (D:1)
  A bat (D:1)
19 creatures vanquished.

Notes
Turn   | Place    | Note
-------+----------+-------------------------------------------
     0 | D:1      | Newt the Gargoyle Fighter began the quest for the Orb.
     0 | D:1      | Reached XP level 1. HP: 14/14 MP: 1/1
   290 | D:1      | Reached XP level 2. HP: 19/19 MP: 2/2
   548 | D:1      | Reached XP level 3. HP: 24/24 MP: 3/3
   697 | D:2      | Noticed Sigmund
   708 | D:2      | Frozen to death by an endoplasm

Illustrated notes

Levels and vault maps discovered:
D:1:      minmay_arrival_cross, layout_basic
D:2:      layout_basic, kennysheep_flooded_box, chequers_serial_rivers_large_b,
          uniq_sigmund, uniq_jessica

Skill      XL: |  1  2 |
---------------+-------+-----
Maces & Flails | 3 |  3.0
Fighting       | |  3.7
Armour         | |  3.2
Shields        | |  3.2

Action                     || total
---------------------------++-------
  Melee: Flail             ||    62
    Use: Scroll            ||     3
         Potion            ||     2
 Armour: Scale mail        ||    56
  Dodge: Dodged            ||    29
  Block: Buckler           ||    15

Table legend: (Time is in decaauts)
 A = Elapsed time spent in this place.
 B = Non-inter-level travel time spent in this place.
 C = Inter-level travel time spent in this place.
 D = Time resting spent in this place.
 E = Time spent auto-exploring this place.
 F = Levels seen in this place.
 G = Mean time per level.
                   A        B        C        D        E       F      G
               +--------+--------+--------+--------+--------+-----+--------+
         Total |    726 |    703 |     23 |      0 |    557 |   2 |  363.0 |
       Dungeon |    726 |    703 |     23 |      0 |    557 |   2 |  363.0 |
               +--------+--------+--------+--------+--------+-----+--------+

Top non-repeatable levels by time:
     D:1: 697 daAuts
     D:2: 28 daAuts
